 Dungeon Crawl Stone Soup version 0.19.1-1-g22dce08 (webtiles) character file.

751 Gargoyl the Skirmisher (level 7, -15/60 HPs)
             Began as a Ghoul Abyssal Knight on Jan 12, 2017.
             Was a Priest of Lugonu.
             Demolished by an ogre
             ... wielding a +0 giant spiked club
              (21 damage)
             ... on level 4 of the Dungeon.
             The game lasted 00:10:59 (3634 turns).

Gargoyl the Skirmisher (Ghoul Abyssal Knight)       Turns: 3634, Time: 00:10:59

Health: -15/60     AC: 13    Str: 16    XL:     7   Next: 78%
Magic:  9/9        EV:  0    Int:  7    God:    Lugonu [***...]
Gold:   250        SH: 12    Dex: 10    Spells: 0 memorised, 6 levels left

rFire  . . .     SeeInvis .     t - +0 war axe
rCold  + . .     Gourm    .     f - +0 plate armour
rNeg   + + +     Faith    .     j - +0 large shield
rPois  ∞         Spirit   .     (no helmet)
rElec  .         Reflect  .     (no cloak)
rCorr  .         Harm     .     n - +0 pair of gloves
MR     .....                    (no boots)
Stlth  ..........               (no amulet)
                                (no ring)
                                (no ring)

@: rotting
A: rotting body, claws 1, carnivore 3, cold resistance 1, negative energy
resistance 3, slow regeneration 1, torment resistance, unbreathing
a: Depart the Abyss, Bend Space, Banish, Renounce Religion


You were on level 4 of the Dungeon.
You worshipped Lugonu.
Lugonu was most pleased with you.
You were not hungry.

You visited 1 branch of the dungeon, and saw 4 of its levels.
You visited the Abyss 1 time.
You also visited: Sewer.

You collected 250 gold pieces.

Inventory:

Hand Weapons
 a - a +1 hand axe
 t - a +0 war axe (weapon)
Missiles
 r - 4 tomahawks (quivered)
Armour
 f - a +0 plate armour (worn)
 j - a +0 large shield (worn)
 n - a +0 pair of gloves (worn)
Scrolls
 b - 2 scrolls of teleportation
 g - 3 scrolls of remove curse
 i - a scroll of fog {unknown}
 k - a scroll of noise {unknown}
 p - 2 scrolls of amnesia {unknown}
 q - 2 scrolls of fear {unknown}
 s - 2 scrolls of blinking {unknown}
Potions
 e - a potion of lignification
 o - a potion of agility
 u - a potion of flight {unknown}
Books
 d - a book of Enchantments

   Spells                             Type                      Level
   a - Cause Fear                     Hexes                        4
   b - Yara's Violent Unravelling     Hexes/Transmutation          5
   c - Silence                        Hexes/Air                    5
   d - Deflect Missiles               Charms/Air                   6
   e - Discord                        Hexes                        8
Comestibles
 c - 2 meat rations
 h - a slice of pizza
 w - a beef jerky


   Skills:
 + Level 4.6 Fighting
 + Level 3.9 Axes
 * Level 4.3 Armour
 + Level 1.1 Dodging
 + Level 2.8 Shields
 * Level 4.2 Invocations


You had 6 spell levels left.
You didn't know any spells.

Dungeon Overview and Level Annotations

Branches:
Dungeon (4/15)             Temple (0/1) D:4

Altars:
Ashenzari
Gozag
Sif Muna


Innate Abilities, Weirdness & Mutations

Your body is rotting away.
You thrive on raw meat.
You are immune to poison.
You have sharp fingernails.
You are carnivorous and can eat meat at any time.
Your flesh is cold resistant. (rC+)
You are immune to negative energy. (rN+++)
You regenerate slowly when monsters are visible.
You are immune to unholy pain and torment.
You can survive without breathing.


Message History

The worm is severely wounded.
The worm bites you!
You slash the worm!
You kill the worm!
Lugonu accepts your kill. You block the ogre's attack.
Your shield and plate armour prevent you from hitting the ogre.
The ogre completely misses you.
You hit the ogre but do no damage. You block the ogre's attack.
You hit the ogre.
The ogre is moderately wounded.
The ogre hits you with a giant spiked club!
You slash the ogre!
The ogre is heavily wounded.
The ogre hits you with a giant spiked club!!
* * * LOW HITPOINT WARNING * * *
Your plate armour prevents you from hitting the ogre.
The ogre is heavily wounded.
The ogre hits you with a giant spiked club!!
You die...

* *,*
*,,,,,..#)*.#** *
*,******###...,).,*
*,,,,,,,,.....#.*,*
**********#.....*,#
####***####$...##.#
#.!,,,,...........#
#.#********,,#.#***
#<# ****,,#O# #.#
*,,,,,#@# #.#
*,***,#.#
#.######.***,#.#
###........,,,,#.#
.....#####.***,#.#
#.........,,,,,#.#
......####****,#.###
#..###.### *,#...#
#..# *...# #,###.###


You could see an ogre.

Vanquished Creatures
  Grinder (D:4)
  The ghost of Rrauwl the Magician, an amateur DEAE (D:3)
  An ogre (D:4)
  A centaur (D:4)
  A bullfrog (Sewer)
  A gnoll shaman (D:4)
  Jessica (D:3)
  7 adders
  A river rat (D:4)
  4 worms
  4 leopard geckos
  3 orcs (D:3)
  3 ball pythons (Sewer)
  8 giant cockroaches
  7 goblins
  5 hobgoblins
  2 jackals (D:1)
  7 kobolds
  A quokka (D:3)
  8 bats
  9 frilled lizards
  11 rats
87 creatures vanquished.

Notes
Turn   | Place    | Note
-------+----------+-------------------------------------------
     0 | Abyss:1  | Gargoyl the Ghoul Abyssal Knight began the quest for the Orb.
     0 | Abyss:1  | Reached XP level 1. HP: 19/19 MP: 1/1
    86 | Abyss:2  | Noticed a guardian serpent
    86 | Abyss:2  | Noticed a naga warrior
    86 | Abyss:2  | Noticed a naga
    86 | Abyss:2  | Noticed a salamander
    86 | D:1      | Escaped the Abyss
   112 | D:1      | Reached skill level 1 in Dodging
   135 | D:1      | Reached * piety under Lugonu
   180 | D:1      | Reached XP level 2. HP: 24/26 MP: 2/2
   344 | D:1      | Found a shattered altar of Ashenzari.
   714 | D:2      | Reached XP level 3. HP: 33/33 MP: 3/3
   957 | D:2      | Found a faded altar of an unknown god.
  1383 | D:3      | Reached ** piety under Lugonu
  1401 | D:3      | Noticed Rrauwl's ghost (amateur DEAE)
  1462 | D:3      | Killed Rrauwl's ghost
  1462 | D:3      | Reached skill level 1 in Shields
  1462 | D:3      | Reached XP level 4. HP: 23/40 MP: 5/5
  1462 | D:3      | Reached XP level 5. HP: 27/46 MP: 6/6
  1566 | D:3      | Noticed Jessica
  1575 | D:3      | Killed Jessica
  1583 | D:3      | Found a deep blue altar of Sif Muna.
  2225 | D:4      | Noticed a centaur
  2239 | D:4      | Killed a centaur
  2239 | D:4      | Reached XP level 6. HP: 42/53 MP: 7/7
  2264 | D:4      | Noticed Grinder
  2279 | D:4      | Paralysed by Grinder for 7 turns
  2295 | D:4      | Paralysed by Grinder for 2 turns
  2320 | D:4      | Paralysed by Grinder for 4 turns
  2329 | D:4      | Found an opulent altar of Gozag.
  2330 | D:4      | Paralysed by Grinder for 7 turns
  2338 | D:4      | Killed Grinder
  2338 | D:4      | Reached XP level 7. HP: 16/60 MP: 7/9
  2637 | D:4      | Found a glowing drain.
  2648 | Sewer    | Entered a sewer
  3025 | Sewer    | Got a slimy halberd
  3028 | Sewer    | Identified the cursed +3 halberd "Enejamem" {chop, +Fly rF++ Dex+3} (You found it in a sewer)
  3297 | D:4      | Reached *** piety under Lugonu
  3444 | D:4      | Found a staircase to the Ecumenical Temple.
  3634 | D:4      | Demolished by an ogre

Skill      XL: |  1  2  3  4  5  6  7 |
---------------+----------------------+-----
Dodging        | 1 |  1.1
Armour         | 2 3 4 |  4.3
Axes           | 2 3 |  3.9
Fighting       | 4 |  4.6
Shields        | 1 2 |  2.8
Invocations    | 3 4 |  4.2

Action                   |  1- 3 |  4- 6 |  7- 9 || total
-------------------------+-------+-------+-------++-------
Melee: Hand axe          |   139 |       |       ||   139
       War axe           |    42 |   159 |   203 ||   404
Throw: Tomahawk          |     1 |       |     2 ||     3
Invok: Depart the Abyss  |     1 |       |       ||     1
  Use: Potion            |     4 |       |       ||     4
       Scroll            |     2 |     1 |     3 ||     6
  Eat: Chunk             |    10 |    17 |    12 ||    39
Armor: Plate armour      |   175 |   113 |   142 ||   430
Dodge: Dodged            |    20 |     5 |     6 ||    31
Block: Large shield      |    97 |   104 |   159 ||   360
